 Dungeon Crawl Stone Soup version bcrawl-1.21.3 (webtiles) character file.

Game seed: 16481174118587331157

11 MisterOstroum the Insei (level 2, 18/22 HPs)
             Began as a Demonspawn Transmuter on Mar 25, 2020.
             Quit the game on level 1 of the Dungeon.
             The game lasted 00:00:43 (286 turns).

MisterOstroum the Insei (Demonspawn Transmuter)      Turns: 286, Time: 00:00:43

Health: 18/22      AC:  2    Str: 10    XL:     2   Next: 13%
Magic:  5/5        EV: 12    Int: 14    God:
Gold:   0          SH:  0    Dex: 13    Spells: 4/5 levels left

rFire    . . .     SeeInvis .     - Unarmed
rCold    . . .     Gourm    .   (no shield)
rNeg     . . .     Faith    .   b - +0 robe
rPois    .         Spirit   .   (no helmet)
rElec    .         Reflect  .   (no cloak)
rCorr    .         Harm     .   (no gloves)
MR       .....                  (no boots)
Stlth    +.........             (no amulet)
HPRegen  0.07/turn              (no ring)
MPRegen  0.09/turn              (no ring)

@: no status effects
A: talons 1
a: no special abilities


You were on level 1 of the Dungeon.
You were not hungry.

You visited 1 branch of the dungeon, and saw 1 of its levels.

Inventory:

Missiles
 a - 120 arrows
 c - 2 stones (quivered)
Armour
 b - a +0 robe (worn)
Scrolls
 f - a scroll of identify {unknown}
 h - a scroll of remove curse {unknown}
Potions
 d - a potion of lignification {@q6}
Comestibles
 e - a ration {!d}
 g - a chunk of flesh


   Skills:
 - Level 2.0 Fighting
 - Level 1.7 Dodging
 + Level 2.8 Unarmed Combat
 - Level 2.0 Spellcasting
 - Level 1.7 Transmutations


You had 4 spell levels left.
You knew the following spells:

 Your Spells              Type           Power        Failure   Level  Hunger
a - Beastly Appendage     Tmut           #.....       12%         1    ##.....

Your spell library contained the following spells:

 Spells                   Type           Power        Failure   Level  Hunger
 Sticks to Snakes         Tmut           #.......     17%         2    ###....
 Spider Form              Tmut/Pois      #..          45%         3    ####...
 Ice Form                 Ice/Tmut       #.......     86%         4    #####..
 Blade Hands              Tmut           #.........   97%         5    ######.


Dungeon Overview and Level Annotations

Branches:
Dungeon (1/12)

Altars:


Innate Abilities, Weirdness & Mutations

You have sharp toenails.


Message History

f - a scroll labeled JANISUA UVIUT
Things that are here:
a +0 club; a kobold corpse A hobgoblin comes into view.
It is wielding a +0 club.
A hobgoblin is nearby!
A hobgoblin is nearby!
The hobgoblin hits you with a +0 club.
You hit the hobgoblin.
The hobgoblin is almost dead.
The hobgoblin barely misses you.
You barely miss the hobgoblin.
The hobgoblin is almost dead.
The hobgoblin closely misses you.
You hit the hobgoblin.
You kill the hobgoblin!
No target in view!
No target in view!
No target in view!
No target in view!
No target in view!
No target in view!
No target in view!
No target in view!
Found a stone staircase leading down.
Things that are here:
a +0 club; a hobgoblin corpse You butcher the hobgoblin corpse.
g - a chunk of flesh
Things that are here:
a +0 club; a hobgoblin skeleton
Things that are here:
a +0 club; a hobgoblin skeleton
Things that are here:
a +0 club; a hobgoblin skeleton
Things that are here:
a +0 club; a hobgoblin skeleton
h - a scroll labeled GUCREA COIL A hobgoblin comes into view.
It is wielding a +0 club. 2 goblins come into view.
The goblin shouts! x2
Casting: Beastly Appendage (safe; 12% risk of failure)
Confirm with . or Enter, or press ? or * to list all spells.
Your feet morph into talons.
Unknown command.
You barely miss the hobgoblin. You claw the hobgoblin.
You kill the hobgoblin!
Your transformation is almost over.
A goblin comes into view. It is wielding a +0 dagger.
The goblin closely misses you. The goblin barely misses you.
Things that are here:
a +0 club; a hobgoblin corpse You closely miss the goblin.
A bat comes into view.
The goblin barely misses you. The goblin hits you but does no damage.
You hit the goblin. You claw the goblin.
You kill the goblin!
Training target 2.0 for Fighting reached!
Your Fighting skill increases to level 2!
You need to enable at least one skill for training.
The goblin barely misses you.
You closely miss the goblin. The goblin barely misses you.
You hit the goblin but do no damage. The goblin barely misses you.
You hit the goblin. You claw the goblin, but do no damage.
The goblin is almost dead.
The goblin hits you.
You hit the goblin.
You kill the goblin!
You have reached level 2!
You feel monstrous as your demonic heritage exerts itself.
Your demonic ancestry asserts itself...
Your mutations feel more permanent.
The bat barely misses you. The bat hits you.
You miss the bat. Your kick misses the bat. The bat closely misses you.
The bat barely misses you.
You hit the bat.
You kill the bat!
Your talons shrink.
You barely miss the goblin. You claw the goblin.
The goblin is severely wounded.
The goblin hits you with a +0 dagger.
You hit the goblin.
You kill the goblin!
No target in view!
No target in view!
No target in view!
No target in view!
No target in view!
No target in view!
No target in view!
No target in view!
No target in view!
No target in view!
No target in view!
No target in view!
No target in view!
No target in view!
A rat comes into view.
A rat is nearby!
A rat is nearby!
Are you sure you want to abandon this character and quit the game? (Confirm with "yes".)

##+ ....... #.. #. #.#.#..
#.# #.. .#. .....r. #.#
#.. .... .!...# #.# #..
..........# #.# #######..
..#..#.#..####.###.....#..
.......#...........##.....
.#....)##@####.#..##♣..#..
.......).........###...#..
.#....####..#######P...##+
+... #..## #P.P♣.#. #..
#.###### #...♣.#. #. #..
##P.+ #.♣..... # ...#
#PP.# #....... .#.#
♣..####....... . #.
#♣...#...P.P.#.


You could see a rat.

Vanquished Creatures
  3 goblins (D:1)
  3 hobgoblins (D:1)
  A bat (D:1)
  2 kobolds (D:1)
  A rat (D:1)
10 creatures vanquished.

Notes
Turn   | Place    | Note
-------+----------+-------------------------------------------
     0 | D:1      | MisterOstroum the Demonspawn Transmuter began the quest for
                  | the Orb.
     0 | D:1      | Reached XP level 1. HP: 15/15 MP: 3/3
   250 | D:1      | Mutation became permanent: You have razor-sharp toenails.
                  | [demonic ancestry]
   250 | D:1      | Gained mutation: You have claws for feet. [demonic
                  | ancestry]
   250 | D:1      | Reached XP level 2. HP: 21/22 MP: 3/5
   286 | D:1      | Quit the game

Skill      XL: |  1 |
---------------+----+-----
Fighting       | 2 |  2.0
Dodging        | |  1.7
Unarmed Combat | |  2.8
Spellcasting   | |  2.0
Transmutations | |  1.7

Action                   || total
-------------------------++-------
Melee: Unarmed           ||    23
       Kick              ||     4
       Headbutt          ||     1
 Cast: Beastly Appendage ||     2
Armor: Robe              ||     2
Dodge: Dodged            ||    17
